 Dungeon Crawl Stone Soup version 0.25-a0-1137-g7f6bfe439b (webtiles) character file.

Game seed: 221288958635584098, levelgen mode: classic

2685 Amnesiac the Spear-Bearer (level 9, 0/63 HPs)
             Began as a Merfolk Skald on May 23, 2020.
             Was a Believer of Okawaru.
             Succumbed to a water moccasin's poison
             ... on level 8 of the Dungeon.
             The game lasted 00:15:23 (6915 turns).

Amnesiac the Spear-Bearer (Merfolk Skald)           Turns: 6915, Time: 00:15:23

Health: 0/63       AC: 19    Str: 15    XL:     9   Next: 64%
Magic:  0/12       EV: 11    Int: 18    God:    Okawaru [**....]
Gold:   246        SH:  0    Dex: 13    Spells: 3/12 levels left

rFire    . . .     SeeInvis .   a - +0 halberd
rCold    + . .     Gourm    .   (shield currently unavailable)
rNeg     . . .     Faith    .   x - +2 ring mail {rC+}
rPois    .         Spirit   .   q - +0 helmet (curse)
rElec    .         Reflect  .   f - +2 cloak
rCorr    .         Harm     .   r - +0 pair of gloves
MR       .....                  A - +2 pair of boots
Stlth    +.........             (no amulet)
HPRegen  0.20/turn              y - +4 ring of protection
MPRegen  0.13/turn              k - +6 ring of intelligence

@: lethally poisoned (0 -> -1), infused, singing, very slightly contaminated
A: change form in water, swift swim, stealthy swim
a: Heroism, Renounce Religion


You were on level 8 of the Dungeon.
You worshipped Okawaru.
Okawaru was pleased with you.
You were not hungry.

You visited 2 branches of the dungeon, and saw 9 of its levels.

You collected 326 gold pieces.
You spent 80 gold pieces at shops.

Inventory:

Hand Weapons
 a - a +0 halberd (weapon)
Armour
 f - a +2 cloak (worn)
 q - a cursed +0 helmet (worn)
 r - a +0 pair of gloves (worn)
 t - +0 fire dragon scales
 u - a +2 leather armour of fire resistance
 x - a +2 ring mail of cold resistance (worn)
 A - a +2 pair of boots (worn)
Jewellery
 k - a +6 ring of intelligence (right hand)
 s - an uncursed ring of resist corrosion
 w - an uncursed ring of protection from magic
 y - a +4 ring of protection (left hand)
Wands
 m - a wand of acid (16)
 p - a wand of random effects (44)
 z - a wand of paralysis (8)
Scrolls
 b - 5 scrolls of enchant weapon {!r, unknown}
 c - 2 scrolls of identify {!r}
 e - 2 scrolls of fog {!r, unknown}
 h - 3 scrolls of teleportation {!r, unknown}
 i - a scroll of enchant armour {!r, unknown}
 j - 3 scrolls of remove curse {!r, unknown}
 E - a scroll of brand weapon {!r, unknown}
Potions
 g - 2 potions of curing {!q}
 l - a potion of might {!q}
 n - a potion of cancellation {!q}
 o - a potion of degeneration {!q}
 B - a potion of mutation {!q, unknown}
 C - 2 potions of flight {!q, unknown}
 F - a potion of brilliance {!q, unknown}
Comestibles
 d - 22 rations
 D - 2 chunks of flesh


   Skills:
 - Level 3.0 Fighting
 + Level 13.9 Polearms
 - Level 0.6 Armour
 - Level 2.6 Dodging
 - Level 2.0 Spellcasting
 - Level 8.0 Charms
 - Level 4.0 Evocations


You had 3 spell levels left.
You knew the following spells:

 Your Spells              Type           Power        Failure   Level  Hunger
a - Infusion              Chrm           ####         1%          1    #......
b - Song of Slaying       Chrm           ####....     1%          2    ###....
e - Spectral Weapon       Hex/Chrm       ###.....     21%         3    ###....
z - Ozocubu's Armour      Chrm/Ice       ###.....     21%         3    ###....

Your spell library contained the following spells:

 Spells                   Type           Power        Failure   Level  Hunger
 Shroud of Golubria       Chrm/Tloc      ###...       11%         2    ###....


Dungeon Overview and Level Annotations

Branches:
Dungeon (8/15)             Temple (1/1) D:5
   Lair: D:8-11

Altars:
Ashenzari
Cheibriados
Dithmenos
Elyvilon
Fedhas
Gozag
Hepliaklqana
Kikubaaqudgha
Makhleb
Nemelex Xobeh
Okawaru
Qazlal
Ru
Sif Muna
Trog
Uskayaw
Vehumet
Wu Jian
Xom
Yredelemnul
Zin
The Shining One

Shops:
D:4 [

Annotations:
D:7 HoaS's ghost, amateur HOBe; Thantalas's ghost, novice DDFi


Message History

The water moccasin poisons you!
You barely miss the water moccasin.
The water moccasin is almost dead.
You feel sick.
You kill the water moccasin!
Okawaru accepts your kill.
You swap places.
You feel sick.
There is a stone staircase leading up here.
You swap places.
You feel sick.
You feel sick.
D - 3 chunks of flesh (gained 2)
Things that are here:
a water moccasin corpse; an iguana skeleton You feel sick.
You swap places.
You feel sick.
You feel sick.
There is a stone staircase leading up here.
You start resting.
Eating one of 3 chunks of flesh.
You eat one of the 3 chunks of flesh.
This raw flesh tastes terrible.
You feel sick. x5
Your song is almost over.
You feel sick.
You start resting.
You feel sick.
Your magical infusion is running out.
You feel sick.
You start resting.
Your song has ended.
You start resting.
You feel sick.
A porcupine comes into view.
A porcupine is nearby!
A porcupine is nearby!
You are no longer magically infusing your attacks.
Casting: Spectral Weapon (dangerous; 21% risk of failure)
Confirm with . or Enter, or press ? or * to list all spells.
You miscast Song of Slaying.
You are very lightly contaminated with residual magic.
Nothing appears to happen.
You feel sick.
Casting: Song of Slaying (safe; 1% risk of failure)
Confirm with . or Enter, or press ? or * to list all spells.
You begin infusing your attacks with magical energy.
Casting: Infusion (safe; 1% risk of failure)
Confirm with . or Enter, or press ? or * to list all spells.
You start singing a song of slaying.
You are too injured to fight recklessly!
You are too injured to fight recklessly!
Attack whom?
Press: ? - help, Dir - move target cursor, f - porcupine
Aim: a porcupine You reach to attack!
You hit the porcupine.
The porcupine is lightly wounded.
Your spectral weapon is struck by the porcupine's spines.
Your spectral weapon shares its damage with you!
* * * LOW HITPOINT WARNING * * *
The porcupine bites your spectral weapon.
Your spectral weapon shares its damage with you!
* * * LOW HITPOINT WARNING * * *
Attack whom?
Press: ? - help, Dir - move target cursor, f/p - porcupine
Aim: a porcupine (lightly wounded)
You reach to attack!
You puncture the porcupine!
The porcupine is almost dead.
You die...

### #@# #(#
#r# #.....#
......#.#
####.#.....
#.#.# ###
#.#.# . ..#


You could see a porcupine and a friendly spectral +0 halberd.

Vanquished Creatures
  The ghost of Zanta616 the Digger, a novice DDEE of Elyvilon (D:7)
  Grinder (D:6)
  A water moccasin (D:8)
  An orc warrior (D:7)
  A sky beast (D:6)
  3 ogres
  A centaur (D:5)
  Blork the orc (D:4)
  2 bullfrogs
  2 scorpions (D:5)
  4 killer bees
  2 howler monkeys (D:6)
  3 crimson imps
  6 orc wizards
  A jelly (D:7)
  A bullfrog skeleton (D:5)
  2 hounds (D:7)
  2 iguanas
  Terence (D:2)
  2 worker ants
  2 hound zombies (D:5)
  A worker ant zombie (D:7)
  9 adders
  A gnoll (D:1)
  A shadow imp (D:5)
  An ooze (D:7)
  An adder zombie (D:7)
  An adder skeleton (D:7)
  3 worms
  A dart slug (D:5)
  2 leopard geckos
  22 orcs
  A ball python (D:2)
  7 giant cockroaches
  4 goblins
  7 hobgoblins
  7 jackals
  8 kobolds
  3 quokkas
  7 bats
  A frilled lizard (D:4)
  7 rats
135 creatures vanquished.

Vanquished Creatures (others)
  4 plants (D:8)
  3 spectral weapons
7 creatures vanquished.

Grand Total: 142 creatures vanquished

Notes
Turn   | Place    | Note
-------+----------+-------------------------------------------
     0 | D:1      | Amnesiac the Merfolk Skald began the quest for the Orb.
     0 | D:1      | Reached XP level 1. HP: 16/16 MP: 3/3
    94 | D:1      | Reached XP level 2. HP: 15/23 MP: 1/5
   101 | D:1      | Learned a level 2 spell: Song of Slaying
   288 | D:1      | Reached skill level 4 in Polearms
   309 | D:1      | Reached XP level 3. HP: 27/28 MP: 1/6
   577 | D:2      | Learned a level 3 spell: Spectral Weapon
  1014 | D:2      | Found an opulent altar of Gozag.
  1383 | D:2      | Reached XP level 4. HP: 34/34 MP: 7/7
  1590 | D:3      | Reached skill level 5 in Polearms
  1637 | D:3      | Found an ornate altar of the Wu Jian Council.
  1643 | D:3      | Noticed Terence
  1765 | D:2      | Killed Terence
  1947 | D:3      | Found a blossoming altar of Fedhas.
  1979 | D:3      | Reached XP level 5. HP: 38/41 MP: 1/8
  2178 | D:3      | Reached skill level 6 in Polearms
  2187 | D:3      | HP: 2/41 [poisoned by an orc]
  2524 | D:3      | Found a shattered altar of Ashenzari.
  2636 | D:3      | Found a stormy altar of Qazlal.
  2984 | D:3      | Found a faded altar of an unknown god.
  3012 | D:3      | Found a glowing golden altar of the Shining One.
  3109 | D:4      | Noticed Blork the orc
  3234 | D:4      | Killed Blork the orc
  3234 | D:4      | Reached skill level 7 in Polearms
  3234 | D:4      | Reached XP level 6. HP: 40/47 MP: 2/9
  3366 | D:4      | Found Oserenno's Armour Emporium.
  3369 | D:4      | Bought a cursed +0 helmet for 35 gold pieces
  3369 | D:4      | Bought a +0 pair of gloves for 45 gold pieces
  3468 | D:4      | You fall into a shaft and drop 2 floors!
  3533 | D:6      | Noticed a sky beast
  3557 | D:6      | Killed a sky beast
  3557 | D:6      | Reached skill level 5 in Charms
  3565 | D:6      | Reached skill level 8 in Polearms
  3886 | D:5      | Entered Level 5 of the Dungeon
  3894 | D:5      | Found a staircase to the Ecumenical Temple.
  3905 | Temple   | Entered the Ecumenical Temple
  3987 | D:5      | Reached XP level 7. HP: 50/52 MP: 0/10
  4103 | D:5      | Reached skill level 9 in Polearms
  4287 | D:5      | Found an iron altar of Okawaru.
  4298 | D:5      | Became a worshipper of Warmaster Okawaru
  4324 | D:5      | Found a burning altar of Makhleb.
  4633 | D:4      | Reached skill level 10 in Polearms
  4773 | D:5      | Reached XP level 8. HP: 35/58 MP: 4/11
  4833 | D:5      | Found a snail-covered altar of Cheibriados.
  4908 | D:5      | Reached skill level 1 in Evocations
  5264 | D:6      | Noticed Grinder
  5289 | D:6      | Paralysed by Grinder for 6 turns
  5300 | D:6      | Paralysed by Grinder for 4 turns
  5305 | D:6      | Killed Grinder
  5305 | D:6      | Reached skill level 11 in Polearms
  5488 | D:7      | Reached * piety under Okawaru
  5897 | D:7      | Reached skill level 12 in Polearms
  5900 | D:7      | Reached XP level 9. HP: 50/63 MP: 0/12
  5923 | D:6      | Learned a level 3 spell: Ozocubu's Armour
  6578 | D:7      | Found a runed translucent gate.
  6597 | D:7      | Found a hazy altar of Hepliaklqana.
  6617 | D:7      | Found a runed translucent gate.
  6619 | D:7      | Found a runed translucent gate.
  6621 | D:7      | Noticed Thantalas's ghost (novice DDFi)
  6621 | D:7      | Noticed Zanta616's ghost (novice DDEE)
  6621 | D:7      | Noticed HoaS's ghost (amateur HOBe)
  6694 | D:7      | Found an ancient bone altar of Kikubaaqudgha.
  6788 | D:7      | Killed Zanta616's ghost
  6788 | D:7      | Reached ** piety under Okawaru
  6788 | D:7      | Reached skill level 13 in Polearms
  6914 | D:8      | HP: 3/63 [porcupine (5)]
  6914 | D:8      | HP: 1/63 [porcupine (2)]
  6915 | D:8      | Succumbed to a water moccasin's poison

Illustrated notes

Levels and vault maps discovered:
D:1:      roderic_crop_circles_arrival_small, layout_rooms,
          minmay_misc_feat_encased
D:2:      layout_basic, grunt_gozag_breadcrumbs
D:3:      layout_basic, tso_oasis_becter, fedhas_altar_3,
          grunt_qazlal_sundering, nicolae_overflow_crystal_walls,
          nicolae_overflow_hidden_temple, chequers_ecumenical_altar_simple,
          first_ration, uniq_terence
D:4:      layout_cave_pools, serial_shops, nicolae_shop_behind_doors,
          uniq_blork_the_orc
D:5:      layout_rooms, lemuel_doored_altar, okawaru_ov_weapons_minmay,
          kennysheep_slug_shrine, minmay_temple_entry_waves
D:6:      layout_rooms, uniq_grinder
D:7:      layout_rooms, lemuel_crystal_altar, lemuel_coloured_pillars_altar,
          gammafunk_ghost_cemetery
D:8:      layout_basic, minmay_lair_entry_grove, hangedman_little_slice_of_home
Temple:   nicolae_temple_x_marks_the_god

Skill      XL: |  1  2  3  4  5  6  7  8  9 |
---------------+----------------------------+-----
Polearms       | 4 5 7 8 10 12 13 | 13.9
Fighting       | 3 |  3.0
Charms         | 4 5 6 7 8 |  8.0
Evocations     | 3 4 |  4.0
Armour         | |  0.6
Dodging        | |  2.6
Spellcasting   | |  2.0

Action                   |  1- 3 |  4- 6 |  7- 9 || total
-------------------------+-------+-------+-------++-------
Melee: Spear             |    74 |   175 |   256 ||   505
       Halberd           |       |       |    47 ||    47
 Cast: Infusion          |    11 |    15 |    12 ||    38
       Spectral Weapon   |     2 |    12 |    24 ||    38
       Song of Slaying   |       |     4 |    11 ||    15
Evoke: Wand              |       |       |     1 ||     1
  Use: Scroll            |       |       |     4 ||     4
       Potion            |       |       |     1 ||     1
 Stab: Sleeping          |     3 |       |       ||     3
       Distracted        |       |       |     1 ||     1
  Eat: Chunk             |     1 |    12 |    15 ||    28
Armor: Leather armour    |    11 |    49 |       ||    60
       Ring mail         |       |     5 |    88 ||    93
Dodge: Dodged            |    29 |    92 |    98 ||   219

Table legend:
 A = Non-vault XP
 B = Vault XP
 C = Vault XP percentage of total XP
 D = Non-vault monster count
 E = Vault monster count
 F = Vault count percentage of total count
                 A         B        C        D         E       F
            +---------+---------+-------+---------+---------+-------
      Total |    2615 |    1221 |  31.8 |     129 |       6 |   4.4
            +---------+---------+-------+---------+---------+-------
        D:1 |      39 |       0 |   0.0 |      18 |       0 |   0.0
        D:2 |      46 |      36 |  43.9 |      13 |       1 |   7.1
        D:3 |     119 |       0 |   0.0 |      28 |       0 |   0.0
        D:4 |     103 |      90 |  46.6 |       9 |       1 |  10.0
        D:5 |     597 |       4 |   0.7 |      19 |       1 |   5.0
        D:6 |     770 |     254 |  24.8 |      20 |       1 |   4.8
        D:7 |     794 |     802 |  50.3 |      21 |       1 |   4.5
        D:8 |     147 |      35 |  19.2 |       1 |       1 |  50.0
            +---------+---------+-------+---------+---------+-------
